 Dungeon Crawl Stone Soup version 0.21-a0-401-g0b6bec4 (webtiles) character file.

105 Fireblaze683 the Magician (level 4, -3/24 HPs)
             Began as a Deep Elf Wizard on Oct 25, 2017.
             Killed from afar by an orc wizard (7 damage)
             ... with a puff of flame
             ... on level 5 of the Dungeon.
             The game lasted 00:21:52 (1997 turns).

Fireblaze683 the Magician (Deep Elf Wizard)         Turns: 1997, Time: 00:21:52

Health: -3/24      AC:  5    Str:  4    XL:     4   Next: 54%
Magic:  6/13       EV: 12    Int: 22    God:
Gold:   105        SH:  0    Dex: 13    Spells: 13/14 levels left

rFire    . . .     SeeInvis .   g - +0 short sword
rCold    . . .     Gourm    .   (no shield)
rNeg     . . .     Faith    .   j - +0 leather armour
rPois    +         Spirit   .   n - +0 helmet
rElec    .         Reflect  .   (no cloak)
rCorr    .         Harm     .   (no gloves)
MR       .....                  e - +0 pair of boots
Stlth    ++........             (no amulet)
HPRegen  0.48/turn              o - ring of poison resistance
MPRegen  0.13/turn              (no ring)

@: very slightly contaminated
A: fangs 1, dopey 1, regeneration 1
a: no special abilities


You were on level 5 of the Dungeon.
You were not hungry.

You visited 1 branch of the dungeon, and saw 5 of its levels.

You collected 105 gold pieces.

Inventory:

Hand Weapons
 g - a +0 short sword (weapon)
 i - a +0 dagger
Armour
 a - a +0 robe
 b - a +0 hat
 e - a +0 pair of boots (worn)
 h - a +0 pair of boots
 j - a +0 leather armour (worn)
 n - a +0 helmet (worn)
Jewellery
 o - a ring of poison resistance (left hand)
Scrolls
 f - a scroll of amnesia
 m - a scroll of identify
Potions
 l - 3 potions of flight
 r - a potion of brilliance
Books
 c - a book of Minor Magic

   Spells                             Type                      Level
   a - Magic Dart                     Conjuration                  1
   b - Blink                          Translocation                2
   c - Call Imp                       Summoning                    2
   d - Slow                           Hexes                        2
   e - Conjure Flame                  Conjuration/Fire             3
   f - Mephitic Cloud                 Conjuration/Poison/Air       3
Comestibles
 d - a bread ration
 p - 3 fruits


   Skills:
 + Level 0.1 Fighting
 * Level 1.1 Short Blades
 * Level 1.1 Armour
 * Level 3.1 Dodging
 * Level 3.2 Stealth
 + Level 5.9 Spellcasting
 - Level 1.1 Conjurations
   Level 1.1 Summonings
   Level 1.1 Translocations


You had 13 spell levels left.
You knew the following spells:

 Your Spells              Type           Power        Failure   Level  Hunger
a - Magic Dart            Conj           ##..         10%         1    None


Dungeon Overview and Level Annotations

Branches:
Dungeon (5/15)
 Temple: D:4-7

Altars:
Fedhas
Gozag
Uskayaw
Wu Jian
The Shining One

Annotations:
D:4 Kinglyer's ghost, amateur GrBe


Innate Abilities, Weirdness & Mutations

You have very sharp teeth.
You are dopey. (Int -2)
Your natural rate of healing is unusually fast.


Message History

Something hits you but does no damage.
An orc wizard appears from thin air!
Reactivating autopickup.
The orc wizard points at you and mumbles some strange words.
The puff of flame hits you!
* * * LOW HITPOINT WARNING * * *
Describe a (M)onster, (S)pell, s(K)ill, (A)bility, (C)ard, (I)tem, (F)eature, (G)od, (B)ranch, c(L)oud or s(T)atus?
Describe a monster; partial names and regexps are fine.
Enter a single letter to list monsters displayed by that symbol.
Describe what?
Describe a (M)onster, (S)pell, s(K)ill, (A)bility, (C)ard, (I)tem, (F)eature, (G)od, (B)ranch, c(L)oud or s(T)atus?
Describe a item; partial names and regexps are fine.
Enter a single letter to list items displayed by that symbol.
Describe what?
Okay, then.
Describe a (M)onster, (S)pell, s(K)ill, (A)bility, (C)ard, (I)tem, (F)eature, (G)od, (B)ranch, c(L)oud or s(T)atus?
Okay, then.
The orc wizard barely misses you.
The orc wizard looks satisfied for a moment.
The orc wizard gestures at you while chanting.
The puff of flame hits you!
You die...

.............#
............#
#...........#
#...........#
#...........#
#...........#
#...........#
#....@......#
#.....(.....#
#....o......#
#...........#
#...........#
###.........#
###.#######
#.#
#.##########


You could see an orc wizard.

Vanquished Creatures
  Terence (D:2)
  3 adders (D:2)
  A worm (D:3)
  2 dart slugs
  A leopard gecko (D:3)
  2 orcs (D:4)
  A ball python (D:2)
  6 bats
  3 giant cockroaches (D:2)
  6 goblins
  A hobgoblin (D:3)
  8 kobolds
  A frilled lizard (D:3)
  A quokka skeleton (D:4)
  5 rats
42 creatures vanquished.

Notes
Turn   | Place    | Note
-------+----------+-------------------------------------------
     0 | D:1      | Fireblaze683 the Deep Elf Wizard began the quest for the Orb.
     0 | D:1      | Reached XP level 1. HP: 10/10 MP: 7/7
   159 | D:1      | Reached XP level 2. HP: 15/15 MP: 5/9
   188 | D:1      | Reached skill level 5 in Spellcasting
   732 | D:2      | Noticed Terence
   773 | D:2      | Found an ornate altar of the Wu Jian Council.
   778 | D:2      | Reached XP level 3. HP: 15/19 MP: 8/12
   815 | D:2      | Killed Terence
   832 | D:2      | Reached XP level 4. HP: 2/24 MP: 0/13
  1027 | D:2      | Reached skill level 1 in Short Blades
  1055 | D:3      | Found a blossoming altar of Fedhas.
  1076 | D:3      | Found a glowing golden altar of the Shining One.
  1078 | D:3      | Found a hide-covered altar of Uskayaw.
  1333 | D:3      | Found an opulent altar of Gozag.
  1372 | D:3      | Reached skill level 1 in Armour
  1709 | D:4      | Noticed Kinglyer's ghost (amateur GrBe)
  1761 | D:3      | Gained mutation: You are dopey. (Int -2) [potion of mutation]
  1761 | D:3      | Gained mutation: You have very sharp teeth. [potion of mutation]
  1761 | D:3      | Gained mutation: Your natural rate of healing is unusually fast. [potion of mutation]
  1892 | D:5      | Entered Level 5 of the Dungeon
  1978 | D:5      | HP: 1/24 [something (2)]
  1991 | D:5      | HP: 1/24 [orc wizard/puff of flame (6)]
  1997 | D:5      | Killed from afar by an orc wizard

Vault maps used:
D:1:      lemuel_arrival_behind_the_door_large, lexackson_kobold_supper
D:2:      marbit_many_paths, lemuel_zombie_altar_kikubaaqudgha, uniq_terence
D:3:      grunt_temple_overflow_forces_of_nature, grunt_temple_overflow_open,
          minmay_misc_feat_cross
D:4:      uniq_blork_the_orc
D:5:      lemuel_doored_altar, first_bread, st_stairs_5, uniq_pikel

Skill      XL: |  1  2  3  4 |
---------------+-------------+-----
Spellcasting   | 5 |  5.9
Stealth        | 3 |  3.2
Short Blades   | 1 |  1.1
Dodging        | 3 |  3.1
Armour         | 1 |  1.1
Fighting       | |  0.1
Conjurations   | |  1.1
Summonings     | |  1.1
Translocations | |  1.1

Action                   |  1- 3 |  4- 6 || total
-------------------------+-------+-------++-------
Melee: Short sword       |    40 |     6 ||    46
 Cast: Magic Dart        |    76 |    63 ||   139
  Use: Potion            |     4 |     5 ||     9
       Scroll            |     3 |     1 ||     4
 Stab: Sleeping          |       |     3 ||     3
  Eat: Chunk             |       |     2 ||     2
       Fruit             |       |     1 ||     1
Armor: Robe              |     1 |       ||     1
       Leather armour    |    26 |    21 ||    47
Dodge: Dodged            |    60 |    31 ||    91

Table legend:
 A = Spawn XP
 B = Non-spawn XP
 C = Spawn XP percentage of total XP
 D = Spawn monster count
 E = Non-spawn monster count
 F = Spawn count percentage of total count
 G = Total turns spent on level
                    A         B        C        D         E        F      G
               +---------+---------+-------+---------+---------+-------+---------
         Total |       0 |     151 |   0.0 |       0 |      42 |   0.0 |  1997
               +---------+---------+-------+---------+---------+-------+---------
           D:1 |       0 |      25 |   0.0 |       0 |      15 |   0.0 |   732
           D:2 |       0 |      97 |   0.0 |       0 |      13 |   0.0 |   554
           D:3 |       0 |      22 |   0.0 |       0 |      11 |   0.0 |   540
           D:4 |       0 |       7 |   0.0 |       0 |       3 |   0.0 |    71
               +---------+---------+-------+---------+---------+-------+---------
